 Dungeon Crawl Stone Soup version 0.21-a0-156-g77413b7 (webtiles) character file.

145030 Helio the Unseen (level 16, 0/84 HPs)
             Began as a Spriggan Enchanter on Aug 4, 2017.
             Was the Champion of Dithmenos.
             Shot with a bolt by a yaktaur (34 damage)
             ... on level 1 of the Depths.
             The game lasted 01:36:33 (42416 turns).

Helio the Unseen (Spriggan Enchanter)              Turns: 42416, Time: 01:36:34

Health: 0/84       AC:  7    Str: 14    XL:     16   Next: 86%
Magic:  26/36      EV: 32    Int: 25    God:    Dithmenos [******]
Gold:   2697       SH:  0    Dex: 20    Spells: 9/46 levels left

rFire    . . .     SeeInvis +   z - +4 rapier (elec)
rCold    + . .     Gourm    .   (shield restricted)
rNeg     . . .     Faith    .   H - +2 robe {rC+}
rPois    .         Spirit   .   (helmet restricted)
rElec    .         Reflect  .   k - +2 cloak
rCorr    .         Harm     .   (gloves unavailable)
MR       +++..     Clarity  +   (boots unavailable)
Stlth    ++++++++++             T - amulet of Autotheism {Regen+ Str+6 Dex+4}
HPRegen  0.64/turn              h - +5 ring of intelligence
MPRegen  0.25/turn              m - +4 ring of slaying

@: very slightly contaminated, wreathed by umbra, studying Armour, invisible,
very quick
A: unfitting armour, fangs 1, see invisible, clarity, deformed body, herbivore
3, speed 3, magic resistance 1, slow metabolism 2
a: Shadow Step, Shadow Form, Renounce Religion


You were on level 1 of the Depths.
You worshipped Dithmenos.
Dithmenos was exalted by your worship.
You were very full.

You visited 6 branches of the dungeon, and saw 26 of its levels.
You also visited: Labyrinth and Bailey.

You collected 2900 gold pieces.
You spent 203 gold pieces at shops.

Inventory:

Hand Weapons
 e - a +2 dagger of speed
 z - a +4 rapier of electrocution (weapon)
 A - a +1 dagger of draining
 F - a +2 dagger of electrocution
 I - a +3 quick blade
 J - a +0 short sword of distortion
 S - a +2 dagger of protection
Missiles
 y - 6 throwing nets (quivered)
Armour
 j - a +2 buckler
 k - a +2 cloak (worn)
 H - a +2 robe of cold resistance (worn)
Jewellery
 h - a +5 ring of intelligence (left hand)
 m - a +4 ring of slaying (right hand)
 o - an uncursed ring of flight
 C - a +2 ring of protection
 Q - an uncursed ring of fire
 R - an uncursed ring of protection from fire
 T - the amulet of Autotheism (around neck) {Regen+ Str+6 Dex+4}
   (You found it in a labyrinth)

   [amulet of regeneration]

   It affects your strength (+6).
   It affects your dexterity (+4).
   It increases your rate of regeneration.
 U - an uncursed ring of positive energy
 Y - an uncursed ring of ice
Wands
 l - a wand of disintegration (19/24)
 E - a wand of confusion (22/48)
 N - a wand of paralysis (8/24)
 W - a wand of confusion (23/48)
 X - a wand of enslavement (13/24)
Scrolls
 b - a scroll of blinking
 g - 3 scrolls of fear
 p - 9 scrolls of remove curse
 q - 4 scrolls of recharging
 r - 7 scrolls of enchant armour
 s - 5 scrolls of fog
 u - 7 scrolls of teleportation
Potions
 f - 10 potions of lignification
 i - 6 potions of mutation
 n - 7 potions of curing
 t - 2 potions of might
 w - 3 potions of ambrosia
 B - 2 potions of haste
 G - 2 potions of resistance
 L - a potion of cancellation
 Z - a potion of agility
Books
 c - a book of Party Tricks

   Spells                             Type                      Level
   a - Summon Butterflies             Summoning                    1
   b - Apportation                    Translocation                1
   c - Lesser Beckoning               Translocation                3
   d - Tukima's Dance                 Hexes                        3
   e - Alistair's Intoxication        Transmutation/Poison         5
   f - Invisibility                   Hexes                        6
 v - a manual of
Armour
 P - the Papyrus of Darkness
   (You found it on level 1 of the Elven Halls)

   Spells                             Type                      Level
   a - Pain                           Necromancy                   1
   b - Corpse Rot                     Necromancy                   2
   c - Sublimation of Blood           Necromancy                   2
   d - Cigotuvi's Embrace             Necromancy                   5
   e - Simulacrum                     Ice/Necromancy               6
Miscellaneous
 x - a sack of spiders
Comestibles
 a - 16 fruits
 d - 14 bread rations


   Skills:
 + Level 9.2 Fighting
 + Level 11.6 Short Blades
 + Level 9.4 Armour
 + Level 14.9 Dodging
 + Level 19.7 Stealth
 + Level 15.9 Spellcasting
 + Level 13.8 Hexes
 + Level 10.2 Charms
 - Level 3.0 Air Magic


You had 9 spell levels left.
You knew the following spells:

 Your Spells              Type           Power        Failure   Level  Hunger
a - Ensorcelled Hibernat  Hex/Ice        ######       1%          2    None
b - Corona                Hex            ######.      0%          1    None
c - Confuse               Hex            ######..     1%          3    None
d - Tukima's Dance        Hex            ######..     1%          3    None
e - Dazzling Spray        Conj/Hex       ######       1%          3    None
f - Silence               Hex/Air        ######....   2%          5    #......
g - Blink                 Tloc           N/A          4%          2    None
h - Invisibility          Hex            ######..     1%          6    ####...
i - Darkness              Hex            ######....   1%          6    ####...
j - Deflect Missiles      Chrm/Air       ######....   26%         6    ####...


Dungeon Overview and Level Annotations

Branches:
Dungeon (15/15)            Temple (1/1) D:4            Lair (6/6) D:9
 Shoals (0/4) Lair:4       Spider (0/4) Lair:3        Slime (0/5) Lair:5
    Orc (2/2) D:11            Elf (1/3) Orc:2        Vaults (0/5) D:13
 Depths (1/5) D:15

Altars:
Ashenzari
Cheibriados
Dithmenos
Elyvilon
Fedhas
Gozag
Hepliaklqana
Kikubaaqudgha
Makhleb
Nemelex Xobeh
Okawaru
Qazlal
Ru
Sif Muna
Trog
Uskayaw
Vehumet
Wu Jian
Xom
Yredelemnul
Zin
The Shining One
Jiyva

Shops:
D:6 *   D:14 ?   Orc:2 %[(   Elf:1 (:[[

Portals:
Hell: Depths:1


Innate Abilities, Weirdness & Mutations

You are very small and have problems with some larger weapons.
You are too small for most types of armour.
You have supernaturally acute eyesight. (SInv)
You are a herbivore.
You cover ground extremely quickly.
You need consume almost no food.
You have very sharp teeth.
You possess an exceptional clarity of mind.
Armour fits poorly on your strangely shaped body.
You are resistant to hostile enchantments. (MR+)


Message History

You feel sick.
The green ugly thing closely misses you.
You puncture the purple ugly thing!
The purple ugly thing is moderately wounded.
You feel sick.
The purple ugly thing closely misses you.
The green ugly thing punches you.
You closely miss the purple ugly thing.
The purple ugly thing is moderately wounded.
Your shadow hits the purple ugly thing with a rapier.
You feel sick.
The rakshasa weaves an illusion.
The purple ugly thing shimmers and seems to become two!
The yaktaur shoots a bolt.
The bolt closely misses you.
You feel better. The purple ugly thing engulfs you.
The purple ugly thing closely misses you.
The green ugly thing basks in your mutagenic energy and changes!
The deep troll shaman chortles and stares into space.
The yaktaur shoots a bolt.
The bolt hits you!!
You die...

..# ## ### #....
....###.## ##^## ##....
.........# #...###.....
.#.#.....####...........
..........##............
.#.#RT...............#.#
..........(.............
.#.#.................#.#
......†@u..............#
.#.#..uuu.......)....#.'
...c...................#
.#.#............#....#.#
........................
.#.#.................#.#
.......................>
############### ######.
#.


You could see 4 ugly things, a rakshasa, a deep troll shaman (confused) and a
yaktaur.

Vanquished Creatures
  A lich (Depths:1)
  Donald (Orc:2)
  Louise (D:15)
  3 stone giants
  Nessos (Orc:2)
  2 very ugly things (Depths:1)
  Azrael (Orc:2)
  2 ettins (Depths:1)
  The ghost of kal9871 the Polluter, a journeyman OpVM of Sif Muna (Lair:3)
  A minotaur (Lab)
  2 deep elf death magi (Elf:1)
  2 fire dragons (D:15)
  Josephine (D:15)
  A great orb of eyes (Depths:1)
  3 ogre magi
  An ice dragon (D:15)
  Harold (Lair:1)
  A catoblepas (Lair:3)
  A rakshasa (D:13)
  Erolcha (D:9)
  5 hydras
  A death knight (D:15)
  Erica (Lair:1)
  2 dancing weapons (D:13)
  19 two-headed ogres
  2 deep troll shamans (Depths:1)
  A tengu warrior (Depths:1)
  Sonja (Lair:2)
  An iron troll (Depths:1)
  3 deep elf knights (Elf:1)
  3 large abominations (Elf:1)
  The ghost of Musica the Sneak, a novice OpFE of Vehumet (D:9)
  8 skeletal warriors
  An unseen horror (D:13)
  4 deep trolls
  A flayed ghost (Depths:1)
  A wizard (D:11)
  A harpy (D:15)
  2 orc knights
  A deep elf archer (Elf:1)
  5 necromancers (Elf:1)
  21 deep elf magi
  4 cyclopes
  An oklob plant (Lair:3)
  A wolf spider (D:15)
  22 ugly things
  A manticore (D:11)
  2 orc sorcerers
  A guardian serpent (shapeshifter) (Elf:1)
  2 black mambas
  4 spiny frogs
  5 spectral swamp worms (Depths:1)
  3 gargoyles (D:15)
  4 polar bears (Lair:6)
  5 freezing wraiths (D:15)
  4 yaktaurs (Depths:1)
  4 komodo dragons
  12 trolls
  A merfolk (D:9)
  A jumping spider (Lair:3)
  2 hornets (Lair:6)
  21 blink frogs
  11 hippogriffs
  A minotaur skeleton (Lab)
  5 slime creatures (D:13)
  Grinder (D:6)
  10 dream sheep
  5 redbacks
  Sigmund (D:5)
  A centaur simulacrum (D:12)
  A spriggan (shapeshifter) (D:15)
  3 water elementals
  8 wraiths
  13 spriggans (Lair:6)
  30 yaks
  2 air elementals (Elf:1)
  8 fire elementals
  A vampire (D:15)
  Eustachio (D:5)
  4 wyverns
  15 basilisks
  Grum (D:8)
  8 hungry ghosts
  A steam dragon (D:11)
  5 vampire mosquitoes
  Edmund (D:6)
  7 wargs
  A naga (shapeshifter) (Elf:1)
  Menkaure (D:6)
  A hell hound (Orc:2)
  22 water moccasins
  7 porcupines
  28 orc warriors
  A swamp drake (D:9)
  A sky beast (D:11)
  5 black bears
  An eye of draining (D:11)
  An ice beast (shapeshifter) (D:15)
  3 ice beasts
  4 boggarts (Lair:6)
  A necrophage (D:11)
  4 phantoms
  37 ogres
  56 wolves
  10 centaurs
  12 crocodiles
  2 big kobolds (D:9)
  2 elf zombies (Elf:1)
  A gnoll sergeant (D:12)
  Blork the orc (D:5)
  19 bullfrogs
  An earth elemental (Lab)
  A wyvern skeleton (D:13)
  4 scorpions
  A hornet simulacrum (D:14)
  7 wights
  A spriggan skeleton (Lab)
  52 killer bees
  An electric eel (D:11)
  8 crimson imps
  7 centaur zombies
  4 bullfrog zombies
  14 hounds
  A quasit (D:10)
  35 orc wizards
  2 bullfrog skeletons
  2 gnoll shamans
  27 orc priests
  6 jellies
  8 centaur skeletons
  Jessica (D:2)
  7 hell rats (Lair:5)
  8 worker ants
  Natasha (thrice) (D:2)
  A killer bee zombie (D:8)
  A hound skeleton (D:4)
  Robin (D:4)
  24 gnolls
  17 adders
  2 howler monkey skeletons
  A river rat (D:4)
  6 shadow imps
  2 oozes (D:1)
  An adder zombie (D:8)
  An adder skeleton (D:5)
  6 worms
  2 dart slugs
  5 leopard geckos
  112 orcs
  11 bats
  5 giant cockroaches
  13 goblins
  7 hobgoblins
  3 jackals
  21 kobolds
  7 quokkas
  8 frilled lizards
  A jackal zombie (D:6)
  A leopard gecko skeleton (D:6)
  A quokka zombie (D:6)
  27 rats
  A fungus (Lair:6)
  A plant (Lair:3)
1068 creatures vanquished.

Vanquished Creatures (collateral kills)
  A phantom (D:9)
  2 orc warriors (D:11)
  A centaur (Bailey)
  A gnoll (D:6)
5 creatures vanquished.

Vanquished Creatures (others)
  A two-headed ogre (Orc:2)
  A deep elf mage (Elf:1)
  A yaktaur (Depths:1)
  A troll (Orc:2)
  2 dancing weapons
  An orc (Orc:2)
  7 fungi
  2 plants
16 creatures vanquished.

Grand Total: 1089 creatures vanquished

Notes
Turn   | Place    | Note
-------+----------+-------------------------------------------
     0 | D:1      | Helio the Spriggan Enchanter began the quest for the Orb.
     0 | D:1      | Reached XP level 1. HP: 9/9 MP: 5/5
   343 | D:2      | Reached XP level 2. HP: 5/13 MP: 7/7
   347 | D:2      | Learned a level 2 spell: Ensorcelled Hibernation
  1793 | D:2      | Reached XP level 3. HP: 16/16 MP: 3/9
  1798 | D:2      | Learned a level 3 spell: Confuse
  1802 | D:2      | Learned a level 3 spell: Tukima's Dance
  2253 | D:2      | Reached skill level 5 in Hexes
  2253 | D:2      | Reached XP level 4. HP: 21/21 MP: 6/11
  2933 | D:2      | Noticed Natasha
  2935 | D:2      | Killed Natasha
  3135 | D:2      | Noticed Natasha
  3148 | D:2      | Killed Natasha
  3148 | D:2      | Reached skill level 5 in Stealth
  3148 | D:2      | Reached XP level 5. HP: 24/24 MP: 9/13
  3166 | D:2      | Noticed Natasha
  3170 | D:2      | Killed Natasha
  3292 | D:2      | Noticed Jessica
  3294 | D:2      | Killed Jessica
  3294 | D:2      | Reached skill level 6 in Stealth
  3364 | D:3      | Gained mutation: You have a pair of small horns on your head. [potion of mutation]
  3364 | D:3      | Gained mutation: Your movements are slightly less encumbered by armour. (ER -2) [potion of mutation]
  3364 | D:3      | Gained mutation: You have very sharp teeth. [potion of mutation]
  3599 | D:3      | Reached skill level 7 in Stealth
  3612 | D:3      | You fall through a shaft for 3 floors!
  3612 | D:6      | Noticed Edmund
  3612 | D:6      | Noticed Grinder
  3621 | D:6      | Noticed Blork the orc
  3625 | D:5      | Entered Level 5 of the Dungeon
  3625 | D:5      | Noticed an ogre
  3660 | D:5      | Killed an ogre
  3660 | D:5      | Reached skill level 8 in Stealth
  3660 | D:5      | Reached XP level 6. HP: 28/28 MP: 11/14
  3743 | D:5      | Reached skill level 9 in Stealth
  3864 | D:5      | Noticed Eustachio
  4564 | D:3      | Reached XP level 7. HP: 26/32 MP: 8/15
  4575 | D:3      | Learned a level 3 spell: Dazzling Spray
  4670 | D:3      | Reached skill level 10 in Stealth
  5045 | D:4      | Noticed Robin
  5165 | D:4      | Killed Robin
  5410 | D:4      | Reached skill level 11 in Stealth
  5564 | D:4      | Found a staircase to the Ecumenical Temple.
  5569 | Temple   | Entered the Ecumenical Temple
  5665 | Temple   | Became a worshipper of Dithmenos the Shadowed
  5937 | D:5      | Found a basalt altar of Yredelemnul.
  6070 | D:5      | Killed Eustachio
  6070 | D:5      | Reached skill level 12 in Stealth
  6167 | D:5      | Noticed Sigmund
  6172 | D:5      | Killed Sigmund
  6172 | D:5      | Reached skill level 13 in Stealth
  6172 | D:5      | Reached XP level 8. HP: 24/36 MP: 9/16
  6847 | D:5      | Reached skill level 5 in Spellcasting
  6872 | D:5      | Reached skill level 1 in Fighting
  7533 | D:5      | Killed Blork the orc
  7670 | D:6      | Reached * piety under Dithmenos
  7791 | D:6      | Found Essuos's General Store.
  8334 | D:6      | Noticed Menkaure
  8339 | D:6      | Killed Edmund
  8344 | D:6      | Killed Menkaure
  8344 | D:6      | Reached XP level 9. HP: 42/42 MP: 12/18
  8409 | D:6      | Found an ornate altar of the Wu Jian Council.
  8433 | D:6      | Killed Grinder
  8433 | D:6      | Reached skill level 14 in Stealth
  9149 | D:7      | Found a white marble altar of Elyvilon.
  9177 | D:7      | Reached skill level 5 in Dodging
  9245 | D:7      | Reached ** piety under Dithmenos
  9480 | D:7      | Found a burning altar of Makhleb.
  9597 | D:7      | Found a shimmering altar of Xom.
  9931 | D:8      | Noticed Grum
  9970 | D:8      | Killed Grum
 10267 | D:8      | Reached XP level 10. HP: 49/49 MP: 16/21
 10703 | D:9      | Reached *** piety under Dithmenos
 10703 | D:9      | Reached skill level 5 in Short Blades
 10745 | D:9      | Noticed Musica's ghost (novice OpFE)
 11015 | D:9      | Killed Musica's ghost
 11015 | D:9      | Reached skill level 15 in Stealth
 12440 | D:9      | Reached **** piety under Dithmenos
 12593 | D:9      | Noticed a green ugly thing
 12596 | D:9      | Killed a green ugly thing
 12649 | D:9      | Reached XP level 11. HP: 42/54 MP: 4/24
 13824 | D:9      | Noticed Erolcha
 13829 | D:9      | Killed Erolcha
 13829 | D:9      | Reached skill level 5 in Fighting
 13839 | D:9      | Found a staircase to the Lair.
 14076 | D:10     | Entered Level 10 of the Dungeon
 14203 | D:10     | Noticed a two-headed ogre
 14219 | D:10     | Killed a two-headed ogre
 14219 | D:10     | Reached skill level 16 in Stealth
 14247 | D:10     | Found a shattered altar of Ashenzari.
 14258 | D:10     | Reached ***** piety under Dithmenos
 14864 | D:11     | Found a frozen archway.
 15022 | D:11     | Found a flagged portal.
 15032 | Bailey   | Entered a bailey
 15457 | Bailey   | Reached skill level 10 in Hexes
 15571 | Bailey   | Reached skill level 10 in Dodging
 16098 | D:11     | Reached XP level 12. HP: 57/60 MP: 12/26
 16464 | D:11     | Reached skill level 1 in Armour
 16812 | D:11     | Identified Maacubra's Incunabulum of Dhcmrlchtdj
 16823 | D:11     | Identified the Catalogue of Plaster Cramp
 16916 | D:11     | Identified the Papyrus of Combed Thunderclap
 16963 | D:11     | Learned a level 5 spell: Silence
 16993 | D:11     | Noticed a five-headed hydra
 17005 | D:11     | Killed a five-headed hydra
 17761 | Lair:1   | Entered Level 1 of the Lair of Beasts
 17783 | Lair:1   | Reached skill level 10 in Spellcasting
 17895 | Lair:1   | Reached ****** piety under Dithmenos
 18455 | Lair:1   | Reached skill level 17 in Stealth
 18890 | Lair:1   | Noticed Harold
 18895 | Lair:1   | Noticed Erica
 18897 | Lair:1   | Killed Harold
 18899 | Lair:1   | Killed Erica
 19088 | Lair:2   | Noticed Sonja
 19090 | Lair:2   | Killed Sonja
 20125 | D:6      | Bought a potion of heal wounds for 70 gold pieces
 20125 | D:6      | Bought a scroll of identify for 28 gold pieces
 20125 | D:6      | Bought a scroll of enchant weapon for 105 gold pieces
 20361 | Lair:3   | Found a labyrinth entrance.
 20373 | Lair:3   | Noticed a four-headed hydra
 20376 | Lab      | Entered a labyrinth
 20751 | Lab      | Found an exit through the horrors of the Abyss.
 20787 | Lab      | Reached XP level 13. HP: 66/66 MP: 28/28
 21193 | Lab      | Noticed a minotaur
 21196 | Lab      | Killed a minotaur
 21198 | Lab      | Got a scintillating jade amulet
 21203 | Lab      | Learned a level 2 spell: Blink
 21210 | Lab      | Learned a level 6 spell: Deflect Missiles
 21217 | Lair:3   | Reached skill level 5 in Armour
 21227 | Lair:3   | Found a hole to the Spider Nest.
 21241 | Lair:3   | Reached skill level 1 in Charms
 21259 | Lair:3   | Reached skill level 1 in Air Magic
 21743 | Lair:3   | Noticed kal9871's ghost (journeyman OpVM)
 21755 | Lair:3   | Killed kal9871's ghost
 22455 | Lair:3   | Identified the amulet of Autotheism {Regen+ Str+6 Dex+4} (You found it in a labyrinth)
 23021 | Lair:4   | Found a staircase to the Shoals.
 25848 | Lair:5   | Found a viscous altar of Jiyva.
 25848 | Lair:5   | Found a staircase to the Slime Pits.
 25856 | Lair:5   | Reached skill level 5 in Charms
 25887 | Lair:5   | Learned a level 6 spell: Darkness
 26009 | Lair:6   | Entered Level 6 of the Lair of Beasts
 26108 | Lair:6   | Reached skill level 18 in Stealth
 26306 | Lair:6   | Reached XP level 14. HP: 54/72 MP: 12/30
 27374 | Lair:6   | Lost mutation: You have a pair of small horns on your head. [potion of mutation]
 27374 | Lair:6   | Lost mutation: Your movements are slightly less encumbered by armour. (ER -2) [potion of mutation]
 27374 | Lair:6   | Gained mutation: You have a pair of small horns on your head. [potion of mutation]
 27375 | Lair:6   | Lost mutation: You have a pair of small horns on your head. [potion of mutation]
 27375 | Lair:6   | Gained mutation: You possess an exceptional clarity of mind. [potion of mutation]
 27375 | Lair:6   | Gained mutation: Armour fits poorly on your strangely shaped body. [potion of mutation]
 27375 | Lair:6   | Gained mutation: You are resistant to hostile enchantments. (MR+) [potion of mutation]
 28844 | D:11     | Found a staircase to the Orcish Mines.
 28890 | Orc:1    | Entered Level 1 of the Orcish Mines
 29215 | Orc:1    | Reached skill level 10 in Short Blades
 29671 | Orc:2    | Entered Level 2 of the Orcish Mines
 29672 | Orc:2    | Noticed Azrael
 30099 | Orc:2    | Noticed Donald
 30101 | Orc:2    | Killed Donald
 30237 | Orc:2    | Killed Azrael
 30617 | Orc:2    | Found a staircase to the Elven Halls.
 30628 | Elf:1    | Entered Level 1 of the Elven Halls
 30647 | Elf:1    | Found Kasac's Antique Weapon Boutique.
 31307 | Orc:2    | Noticed Nessos
 31309 | Orc:2    | Killed Nessos
 31631 | Orc:2    | Found Jeh Woi's Armour Shoppe.
 31632 | Orc:2    | Found Icvir's Assorted Antiques.
 31633 | Orc:2    | Found Beavin's Food Boutique.
 31637 | Orc:2    | Found Kiuffodu's Weapon Shop.
 31731 | Orc:1    | Learned a level 6 spell: Invisibility
 32444 | Orc:2    | Reached XP level 15. HP: 59/77 MP: 30/33
 33784 | Elf:1    | Found Zeonus's Book Shoppe.
 33880 | Elf:1    | Found a radiant altar of Vehumet.
 33885 | Elf:1    | Found Jacan's Antique Armour Boutique.
 33921 | Elf:1    | Reached skill level 15 in Spellcasting
 34149 | Elf:1    | Found Kuduoghu's Antique Armour Shop.
 34827 | Elf:1    | Identified the Papyrus of Darkness
 36621 | D:13     | Found a gate to the Vaults.
 37828 | D:14     | Found Kutun's Magic Scroll Boutique.
 37944 | D:14     | Reached skill level 19 in Stealth
 38048 | D:14     | Found a glowing golden altar of the Shining One.
 38797 | D:14     | You fall through a shaft!
 38797 | D:15     | Entered Level 15 of the Dungeon
 38930 | D:15     | Found an opulent altar of Gozag.
 38967 | D:15     | Reached XP level 16. HP: 82/82 MP: 30/36
 39589 | D:15     | Noticed Louise
 39592 | D:15     | Killed Louise
 40383 | D:15     | Noticed Josephine
 40424 | D:15     | Killed Josephine
 41062 | D:15     | Found a staircase to the Depths.
 41104 | Depths:1 | Entered Level 1 of the Depths
 41118 | Depths:1 | Identified a scroll of acquirement
 41193 | Depths:1 | Found a gateway to Hell.
 41923 | Depths:1 | Reached skill level 10 in Charms
 42373 | Depths:1 | Noticed a lich
 42375 | Depths:1 | Killed a lich
 42416 | Depths:1 | Shot with a bolt by a yaktaur

Vault maps used:
D:1:      dpeg_arrival_radiant
D:2:      first_bread, grunt_decor_mini_mirrors, hangedman_decor_slide_cut,
          minmay_pentomino_w4, uniq_jessica, uniq_natasha
D:4:      temple_doors_e, dk_rats_in_the_wall, uniq_robin
D:5:      basic_altar, eino_tiny_chamber, uniq_sigmund, uniq_eustachio
D:6:      serial_shops, shop_fountains, basic_altar, uniq_blork_the_orc,
          uniq_edmund, uniq_menkaure, uniq_grinder
D:7:      makhleb_grotto_becter, basic_altar, xom_teletrap_fun
D:8:      uniq_grum
D:9:      wad_woods_minihive, erik_lair_dragon, hangedman_fish_farm,
          nrook_mini_backslash, uniq_erolcha
D:10:     ashenzari_altar_1
D:11:     erik_orc_2, portal_ice_cave_entry_pillars_1, enter_bailey_2,
          bh_hangedman_babel_library
D:13:     erik_vaults_1
D:14:     serial_shops, shop, basic_altar, corexii_hall_statues_x,
          minmay_unpleasant_kobolds
D:15:     grunt_enter_depths_hoard, nicolae_gozag_seed_capital,
          minmay_the_grid_square_5x5_3x3_mashed, uniq_louise, uniq_josephine
Temple:   kilobyte_greek_temple
Lair:1:   grunt_megastairs_5, uniq_erica, uniq_harold
Lair:2:   beast_lair_carwin_4, grunt_megastairs_1, uniq_sonja
Lair:3:   spider_nest_entry_a, lab_entry_generic, minivault_25,
          hibernation_bobbens
Lair:4:   shoals_dummy_entry
Lair:5:   dpeg_slime_entry_enclosed_altar, grunt_forest_large_clearings
Lair:6:   minmay_lair_end_enchanted_forest, grunt_megastairs_2,
          lemuel_fruit_tree
Orc:1:    cheibrodos_orc_guarddog
Orc:2:    st_orc_open, mumra_transporter_accident, uniq_azrael, uniq_donald,
          uniq_nessos
Elf:1:    minmay_elf_arrival_plus, serial_shops, nicolae_shop_behind_doors,
          shop, shop, shop, basic_altar, minmay_elf_necromancy
Depths:1: minmay_big_diamond_grid, pf_hell_entry_tar_river,
          corexii_corridor_pit, hangedman_decor_opposing, st_stairs_10,
          minmay_misc_feat_doors, hangedman_decor_clover_reticule,
          kennysheep_generic_room_13
Lab:      nicolae_lab_hexagon, labyrinth_skeletal_remains, nicolae_lab_grate,
          nicolae_lab_x, nicolae_lab_lava, nicolae_lab_plus,
          nicolae_lab_do_over, nicolae_lab_dead_end, nicolae_lab_arrow,
          lab_hedge, nicolae_lab_very_dead_end, labyrinth_fake_exit
Bailey:   bailey_polearm_flooded_kennysheep, bailey

Skill      XL: |  1  2  3  4  5  6  7  8  9 10 11 12 13 14 15 16 |
---------------+-------------------------------------------------+-----
Spellcasting   | 3 4 5 7 8 9 10 11 13 15 | 15.9
Hexes          | 4 5 6 7 8 10 11 12 13 | 13.8
Stealth        | 5 8 9 13 14 15 16 17 18 19 | 19.7
Fighting       | 2 3 4 5 6 7 8 9 |  9.2
Short Blades   | 3 4 6 7 8 9 10 11 | 11.6
Dodging        | 4 6 8 10 11 12 13 14 | 14.9
Armour         | 4 6 7 8 9 |  9.4
Charms         | 5 7 8 10 | 10.2
Air Magic      | 2 3 |  3.0

Action                   |  1- 3 |  4- 6 |  7- 9 | 10-12 | 13-15 | 16-18 || total
-------------------------+-------+-------+-------+-------+-------+-------++-------
Melee: Dagger            |    67 |   186 |   332 |   539 |       |       ||  1124
       Headbutt          |       |    14 |    49 |    86 |    61 |       ||   210
       Bite              |       |     7 |    29 |    51 |   119 |    29 ||   235
       Rapier            |       |       |       |    68 |  1092 |   268 ||  1428
 Cast: Ensorcelled Hiber |    18 |    24 |    36 |   123 |    45 |       ||   246
       Confuse           |       |     9 |    12 |    45 |    24 |    18 ||   108
       Dazzling Spray    |       |       |     9 |    32 |   103 |    16 ||   160
       Tukima's Dance    |       |       |     3 |     7 |       |       ||    10
       Invisibility      |       |       |       |       |    13 |    10 ||    23
Invok: Shadow Step       |       |       |       |     3 |     4 |     5 ||    12
Evoke: Wand              |       |       |     3 |       |       |       ||     3
       Sack of spiders   |       |       |       |     2 |       |       ||     2
  Use: Potion            |     1 |     1 |       |     6 |     3 |     3 ||    14
       Scroll            |       |     5 |    11 |     8 |    21 |     2 ||    47
 Stab: Sleeping          |    17 |    28 |    45 |   131 |   141 |    24 ||   386
       Confused          |       |     4 |     8 |    15 |    15 |     8 ||    50
       Distracted        |       |       |     1 |     6 |    15 |       ||    22
       Invisible         |       |       |     3 |    11 |    70 |    44 ||   128
  Eat: Fruit             |       |     4 |     3 |     1 |    21 |     4 ||    33
       Royal jelly       |       |       |     1 |     4 |       |     1 ||     6
       Bread ration      |       |       |       |     1 |     1 |       ||     2
Armor: Robe              |     4 |    15 |    14 |    34 |    75 |     7 ||   149
Dodge: Dodged            |    39 |    81 |   186 |   400 |  1181 |   235 ||  2122
